 Dungeon Crawl Stone Soup version 0.31-a0-986-g5e6e4ef867 (webtiles) character file.

Game seed: 2515145077820392815

30 Tauromancer the Digger (level 3, -4/20 HPs)
             Began as a Gargoyle Earth Elementalist on Nov 19, 2023.
             Slain by a hobgoblin (6 damage)
             ... led by Robin
             ... on level 1 of the Dungeon.
             The game lasted 00:08:28 (1213 turns).

Tauromancer the Digger (GrEE)                       Turns: 1213, Time: 00:08:28

Health: -4/20      AC:  5    Str: 11    XL:     3   Next: 20%
Magic:  3/6        EV: 12    Int: 17    God:
Gold:   83         SH:  0    Dex: 10    Spells: 4/6 levels left

rFire   . . .        (no weapon)
rCold   . . .        (no shield)
rNeg    + . .        a - +0 robe
rPois   ∞            (no helmet)
rElec   +            (no cloak)
rCorr   .            (no gloves)
SInv    .            (no boots)
Will    .....        (no amulet)
Stlth   ++           (no ring)
HPRegen 0.23/turn    (no ring)
MPRegen 0.10/turn

%: no passive effects
@: very slightly contaminated
A: sickness immunity, AC +3, negative energy resistance 1, electricity
resistance, torment resistance 1, petrification resistance
a: no special abilities


You were on level 1 of the Dungeon.
You visited 1 branch of the dungeon, and saw 2 of its levels.

You collected 83 gold pieces.

Inventory:

Armour
 a - a +0 robe (worn)
Talismans
 d - a talisman of death
Scrolls
 c - a scroll of poison {unknown}
 e - a scroll of amnesia {unknown}
Potions
 b - a potion of magic
 f - a potion of curing {unknown}


   Skills:
 + Level 0.7 Fighting
 + Level 0.6 Armour
 - Level 1.7 Dodging
 - Level 2.1 Stealth
 + Level 2.3 Spellcasting
 + Level 1.2 Transmutations
 + Level 4.0 Earth Magic


You had 4 spell levels left.
You knew the following spells:

 Your Spells              Type           Power      Damage    Failure   Level
a - Sandblast             Erth           30%        2d9       3%          1
b - Necrotise             Necr           4%         1d4       19%         1

Your spell library contained the following spells:

 Spells                   Type           Power      Damage    Failure   Level
 Passwall                 Tmut/Erth      9%         N/A       10%         2
 Apportation              Tloc           2%         N/A       19%         1
 Summon Small Mammal      Summ           4%         N/A       19%         1
 Stone Arrow              Conj/Erth      16%        3d8       24%         3
 Petrify                  Tmut/Erth      11%        N/A       54%         4
 Brom's Barrelling Bould  Conj/Erth      8%         2d3       63%         4


Dungeon Overview and Level Annotations

Branches:
Dungeon (2/15)

Altars:

Annotations:
D:2 Robin


Innate Abilities, Weirdness & Mutations

You are immune to sickness and miasma.
Your stone body is resilient. (AC +3)
You are immune to poison.
You resist negative energy. (rN+)
You are resistant to electric shocks. (rElec)
You are resistant to unholy torment.
You are immune to petrification.


Message History

Robin roars a battlecry!
The goblins go into a battle-frenzy!
The goblin misses you.
There is a stone staircase leading up here.
The hobgoblin closely misses you. The goblin hits you with a +0 dagger.
Robin says, "A pitiful Gargoyle like you will never find the ORB!"
The hobgoblin hits you. The goblin barely misses you.
You climb upwards.
There is a stone staircase leading down here.
Casting: Sandblast (safe; 3% risk of failure)
Confirm with . or Enter, or press ? or * to list all spells.
Aiming: Sandblast (safe; 3% risk of failure)
Press: ? - help, Shift-Dir - straight line, f - hobgoblin
Aim: a hobgoblin (strong, 82% to hit)
You miscast Sandblast.
You are very lightly contaminated with residual magic.
Nothing appears to happen.
The goblin misses you. The hobgoblin hits you.
The goblin hits you with a +0 dagger. The hobgoblin closely misses you.
Casting: Sandblast (safe; 3% risk of failure)
Confirm with . or Enter, or press ? or * to list all spells.
Aiming: Sandblast (safe; 3% risk of failure)
Press: ? - help, Shift-Dir - straight line, f/p - hobgoblin
Aim: a hobgoblin (strong, 82% to hit)
The blast of sand hits the hobgoblin.
You kill the hobgoblin!
The goblin closely misses you. The goblin misses you.
The hobgoblin closely misses you.
Casting: Sandblast (safe; 3% risk of failure)
Confirm with . or Enter, or press ? or * to list all spells.
Aiming: Sandblast (safe; 3% risk of failure)
Press: ? - help, Shift-Dir - straight line, f - goblin
Aim: a goblin, wielding a +0 dagger (77% to hit)
The blast of sand hits the goblin!
You kill the goblin!
The goblin hits you with a +0 dagger.
* * * LOW HITPOINT WARNING * * *
The hobgoblin hits you.
* * * LOW HITPOINT WARNING * * *
The goblin closely misses you. The hobgoblin hits you.
You die...

#.###'####....................#
..............................#
....#####....................##
....# ###..##+####..########
....# ##....# #..# ....# ###..#
#[.######## ....# #..#
#..#......# #####
#..#####.#.####.# ##†@##.....)#
#.# #.gg)....#..# #.#
#.....####..# #.# #.....'...[.#
#.# #.....#####.###.#
#.....'...#.....#
#.....###.####### #.....###.###
#.....+.....#


You could see a hobgoblin (strong) and a goblin (strong).

Vanquished Creatures
  2 endoplasms (D:1)
  3 giant cockroaches (D:1)
  7 goblins
  6 hobgoblins
  3 quokkas (D:1)
  2 ball pythons (D:1)
  A bat (D:1)
  A kobold (D:1)
  2 rats (D:1)
27 creatures vanquished.

Notes
Turn   | Place    | Note
-------+----------+-------------------------------------------
     0 | D:1      | Tauromancer the Gargoyle Earth Elementalist began the quest
                  | for the Orb.
     0 | D:1      | Reached XP level 1. HP: 10/10 MP: 3/3
     9 | D:1      | You fall into a shaft and drop 1 floor!
   266 | D:1      | Reached skill level 1 in Transmutations
   336 | D:1      | Reached XP level 2. HP: 15/15 MP: 3/5
   496 | D:1      | Learned a level 1 spell: Necrotise
   899 | D:1      | Reached skill level 4 in Earth Magic
  1129 | D:2      | Noticed Robin
  1138 | D:1      | Reached XP level 3. HP: 15/20 MP: 3/6
  1213 | D:1      | Slain by a hobgoblin

Illustrated notes

Levels and vault maps discovered:
D:1:      shiori_arrival_maze, layout_basic, minmay_3d_cube
D:2:      wander_river, layout_basic, chequers_serial_rivers_room_a,
          uniq_jessica, uniq_natasha, uniq_robin

Skill      XL: |  1  2 |
---------------+-------+-----
Transmutations | 1 |  1.2
Earth Magic    | 4 |  4.0
Fighting       | |  0.7
Armour         | |  0.6
Dodging        | |  1.7
Stealth        | |  2.1
Spellcasting   | |  2.3

Action                     || total
---------------------------++-------
  Melee: Unarmed           ||    21
   Cast: Sandblast         ||    45
   Stab: Sleeping          ||     1
 Armour: Robe              ||    54
  Dodge: Dodged            ||    45

Table legend: (Time is in decaauts)
 A = Elapsed time spent in this place.
 B = Non-inter-level travel time spent in this place.
 C = Inter-level travel time spent in this place.
 D = Time resting spent in this place.
 E = Time spent auto-exploring this place.
 F = Levels seen in this place.
 G = Mean time per level.
                   A        B        C        D        E       F      G
               +--------+--------+--------+--------+--------+-----+--------+
         Total |   1239 |   1206 |     33 |    166 |    813 |   2 |  619.5 |
       Dungeon |   1239 |   1206 |     33 |    166 |    813 |   2 |  619.5 |
               +--------+--------+--------+--------+--------+-----+--------+

Top non-repeatable levels by time:
     D:1: 999 daAuts
     D:2: 240 daAuts
